 Dungeon Crawl Stone Soup version 0.24-a0-365-ga4d96b6e6e (console) character file.

Game seed: 16083646782033888151

27 Lexodia the Sneak (level 2, -8/19 HPs)
             Began as a Vampire Enchanter on May 27, 2019.
             Mangled by a goblin
             ... wielding a +1 dagger of electrocution
             ... led by Robin
              (13 damage)
             ... on level 2 of the Dungeon.
             The game lasted 00:01:48 (1082 turns).

Lexodia the Sneak (Vampire Enchanter)               Turns: 1082, Time: 00:01:48

Health: -8/19      AC:  2    Str:  7    XL:     2   Next: 93%
Magic:  5/5        EV: 12    Int: 17    God:
Gold:   72         SH:  0    Dex: 14    Spells: 2/5 levels left

rFire    . . .     SeeInvis +   k - +4 dagger
rCold    . . .     Gourm    .   (no shield)
rNeg     + . .     Faith    .   b - +0 robe
rPois    .         Spirit   .   (no helmet)
rElec    .         Reflect  .   (no cloak)
rCorr    .         Harm     .   (no gloves)
MR       .....                  (no boots)
Stlth    +++.......             (no amulet)
HPRegen  0.06/turn              (no ring)
MPRegen  0.09/turn              (no ring)

@: no status effects
A: fangs 3, see invisible, unbreathing
a: no special abilities


You were on level 2 of the Dungeon.
You were not thirsty.

You visited 1 branch of the dungeon, and saw 2 of its levels.

You collected 72 gold pieces.

Inventory:

Hand Weapons
 a - a +1 dagger
 k - a +4 dagger (weapon)
Armour
 b - a +0 robe (worn)
Scrolls
 c - 2 scrolls of remove curse {unknown}
 g - a scroll of magic mapping {unknown}
 i - 2 scrolls of random uselessness {unknown}
 m - a scroll of noise {unknown}
Potions
 d - a potion of blood
 e - a potion of heal wounds {unknown}
 f - a potion of ambrosia {unknown}
 h - a potion of degeneration {unknown}
 j - a potion of flight {unknown}
 l - a potion of curing {unknown}


   Skills:
 + Level 2.0 Short Blades
 - Level 2.1 Dodging
 + Level 5.1 Stealth
 - Level 2.0 Spellcasting
 + Level 5.0 Hexes


You had 2 spell levels left.
You knew the following spells:

 Your Spells              Type           Power        Failure   Level  Hunger
a - Corona                Hex            ###....      2%          1    #......
b - Ensorcelled Hibernat  Hex/Ice        ##....       11%         2    ###....

Your spell library contained the following spells:

 Spells                   Type           Power        Failure   Level  Hunger
 Confuse                  Hex            ###.....     8%          3    ###....
 Tukima's Dance           Hex            ###.....     8%          3    ###....
 Dazzling Spray           Conj/Hex       ##....       21%         3    ###....


Dungeon Overview and Level Annotations

Branches:
Dungeon (2/15)

Altars:

Annotations:
D:2 Robin


Innate Abilities, Weirdness & Mutations

You have razor-sharp teeth.
You have supernaturally acute eyesight. (SInv)
You can survive without breathing.


Message History

You hit the hobgoblin.
You kill the hobgoblin!
Things that are here:
a +0 dagger; a goblin corpse You bottle the corpse's blood.
d - 2 potions of blood (gained 1)
You see here a +0 dagger.
There's nothing here to drain!
Yummy - fresh blood!
You see here a +0 dagger.
There is a stone staircase leading down here.
You climb downwards.
Level annotation: Robin The goblin closely misses you.
The goblin barely misses you. The goblin hits you with a +0 club.
Robin throws the goblin at you!
The goblin hits you with a +1 dagger of electrocution.
* * * LOW HITPOINT WARNING * * *
You are electrocuted!
Ouch! That really hurt!
You die...

## g# ##g#####.
. #........ ...
#....$...
....###g.......
......g.g..#
#.g@gg#
..[....g.##
....#....# ...
##.... . #.###.
#. .# .. . ..
..


You could see Robin and 8 goblins.

Vanquished Creatures
  2 dart slugs (D:1)
  A leopard gecko (D:1)
  3 goblins (D:1)
  2 hobgoblins (D:1)
  2 jackals (D:1)
  A bat (D:1)
  A frilled lizard (D:1)
  5 kobolds (D:1)
  6 rats (D:1)
23 creatures vanquished.

Notes
Turn   | Place    | Note
-------+----------+-------------------------------------------
     0 | D:1      | Lexodia the Vampire Enchanter began the quest for the Orb.
     0 | D:1      | Reached XP level 1. HP: 13/13 MP: 3/3
   156 | D:1      | Huge Dmg: 3 dmg
   156 | D:1      | Reached XP level 2. HP: 14/19 MP: 5/5
   189 | D:1      | Huge Dmg: 4 dmg
   196 | D:1      | Learned a level 2 spell: Ensorcelled Hibernation
   451 | D:1      | Huge Dmg: 7 dmg
   828 | D:1      | Reached skill level 5 in Stealth
  1007 | D:1      | Reached skill level 5 in Hexes
  1064 | D:2      | Noticed Robin
  1068 | D:1      | Huge Dmg: 4 dmg
  1072 | D:1      | Huge Dmg: 3 dmg
  1082 | D:2      | Mangled by a goblin

Levels and vault maps discovered:
D:1:      lemuel_arrival_lava_pool, layout_basic
D:2:      layout_rooms, lemuel_crystal_altar, uniq_robin, uniq_sigmund

Skill      XL: |  1  2 |
---------------+-------+-----
Stealth        | 5 |  5.1
Short Blades   | 2 |  2.0
Hexes          | 5 |  5.0
Dodging        | |  2.1
Spellcasting   | |  2.0

Action                   || total
-------------------------++-------
Melee: Dagger            ||    71
       Bite              ||     6
 Cast: Corona            ||     4
  Use: Potion            ||     4
 Stab: Sleeping          ||     4
Armor: Robe              ||    11
Dodge: Dodged            ||    43

Table legend:
 A = Non-vault XP
 B = Vault XP
 C = Vault XP percentage of total XP
 D = Non-vault monster count
 E = Vault monster count
 F = Vault count percentage of total count
                 A         B        C        D         E       F
            +---------+---------+-------+---------+---------+-------
      Total |      35 |       4 |  10.3 |      21 |       2 |   8.7
            +---------+---------+-------+---------+---------+-------
        D:1 |      35 |       4 |  10.3 |      21 |       2 |   8.7
            +---------+---------+-------+---------+---------+-------
